 Dungeon Crawl Stone Soup version 0.25-a0-700-g7f8a7979f0 (webtiles) character file.

Game seed: 18172153542991587937, levelgen mode: deterministic

22246 kae the Grappler (level 12, -2/83 HPs)
             Began as a Red Draconian Transmuter on Apr 2, 2020.
             Was a Follower of Uskayaw.
             Killed from afar by a swamp worm (14 damage)
             ... with a harpoon shot
             ... on level 2 of the Lair of Beasts.
             The game lasted 00:18:06 (19971 turns).

kae the Grappler (Red Draconian Transmuter)        Turns: 19971, Time: 00:18:07

Health: -2/83      AC: 12    Str: 15    XL:     12   Next: 61%
Magic:  25/26      EV: 12    Int: 14    God:    Uskayaw [*.....]
Gold:   684        SH:  0    Dex: 20    Spells: 16/31 levels left

rFire    + . .     SeeInvis .     - Unarmed
rCold    . . .     Gourm    +   (shield currently unavailable)
rNeg     . . .     Faith    .   (armour unavailable)
rPois    .         Spirit   .   (helmet restricted)
rElec    .         Reflect  .   w - +2 cloak
rCorr    .         Harm     .   (gloves currently unavailable)
MR       .....                  q - +0 pair of boots
Stlth    +++.......             k - amulet of the gourmand
HPRegen  0.23/turn              p - ring of stealth
MPRegen  0.20/turn              j - +6 ring of dexterity

@: about to teleport, blade hands
A: breathe fire, unfitting armour, fire resistance 1, cold-blooded, AC +8
a: Breathe Fire, End Transformation, Stomp, Renounce Religion


You were on level 2 of the Lair of Beasts.
You worshipped Uskayaw.
Uskayaw was noncommittal.
You were full.
You had blades for hands.
You visited 3 branches of the dungeon, and saw 16 of its levels.

You collected 684 gold pieces.

Inventory:

Missiles
 a - 638 arrows
Armour
 d - a +1 pair of gloves (melded)
 q - a +0 pair of boots (worn)
 w - a +2 cloak (worn)
Jewellery
 b - a +2 ring of evasion
 j - a +6 ring of dexterity (right scythe-like blade)
 k - an amulet of the gourmand (around neck)
 m - a +2 ring of evasion
 p - a ring of stealth (left scythe-like blade)
 v - an uncursed ring of flight
 C - an uncursed amulet of faith
Wands
 e - a wand of disintegration (16)
 i - a wand of acid (10)
 o - a wand of random effects (32)
 D - a wand of paralysis (22)
 G - a wand of scattershot (2)
 H - a wand of flame (16)
Scrolls
 g - 7 scrolls of teleportation
 h - 6 scrolls of remove curse
 l - a scroll of brand weapon {unknown}
 r - 6 scrolls of amnesia
 t - 4 scrolls of enchant weapon
 y - a scroll of vulnerability
 B - 3 scrolls of enchant armour
 E - a scroll of fear
 I - a scroll of holy word {unknown}
Potions
 f - 3 potions of mutation
 n - 3 potions of lignification
 s - a potion of magic
 u - 3 potions of flight
 x - 2 potions of heal wounds
 z - 3 potions of brilliance
 A - a potion of ambrosia
 F - a potion of curing
Comestibles
 c - 30 rations


   Skills:
 - Level 1.1 Fighting
 - Level 1.7 Dodging
 * Level 14.7 Unarmed Combat
 + Level 10.1 Spellcasting
 + Level 10.9 Transmutations


You had 16 spell levels left.
You knew the following spells:

 Your Spells              Type           Power        Failure   Level  Hunger
a - Beastly Appendage     Tmut           #####.       8%          1    None
b - Sticks to Snakes      Tmut           #####...     9%          2    None
c - Spider Form           Tmut/Pois      ###.......   26%         3    #......
d - Ice Form              Ice/Tmut       ###.....     47%         4    ###....
e - Blade Hands           Tmut           #####.....   26%         5    #####..

Your spell library contained the following spells:

 Spells                   Type           Power        Failure   Level  Hunger
 Magic Dart               Conj           #...         47%         1    None
 Shock                    Conj/Air       #...         47%         1    None
 Blink                    Tloc           N/A          56%         2    None
 Call Imp                 Summ           #.......     56%         2    None
 Slow                     Hex            #.......     56%         2    None
 Swiftness                Chrm/Air       #.......     56%         2    None
 Conjure Flame            Conj/Fire      #.......     73%         3    #......
 Mephitic Cloud           Conj/Pois/Air  #.......     73%         3    #......
 Recall                   Summ/Tloc      N/A          73%         3    #......
 Static Discharge         Conj/Air       #.......     73%         3    #......
 Airstrike                Air            #.........   96%         4    ###....
 Animate Dead             Necr           N/A          96%         4    ###....
 Bolt of Magma            Conj/Fire/Erth #.........   100%        5    #####..
 Borgnjor's Vile Clutch   Necr/Erth      #.........   100%        5    #####..
 Iskenderun's Battlesphe  Conj/Chrm      #.......     100%        5    #####..
 Lightning Bolt           Conj/Air       #.........   100%        5    #####..
 Death Channel            Necr           #.........   100%        6    ######.
 Iron Shot                Conj/Erth      #.........   100%        6    ######.
 Simulacrum               Ice/Necr       #.........   100%        6    ######.
 Orb of Destruction       Conj           #.........   100%        7    #######
 Spellforged Servitor     Conj/Summ      #.........   100%        7    #######


Dungeon Overview and Level Annotations

Branches:
Dungeon (13/15)            Temple (1/1) D:7            Lair (2/6) D:8
  Swamp (0/4) Lair:2          Orc (0/2) D:12
  Snake: Lair:2-4    Spider: Lair:2-4    Vaults: D:13-14

Altars:
Ashenzari
Cheibriados
Dithmenos
Elyvilon
Fedhas
Gozag
Hepliaklqana
Kikubaaqudgha
Makhleb
Nemelex Xobeh
Okawaru
Qazlal
Ru
Sif Muna
Trog
Uskayaw
Vehumet
Wu Jian
Xom
Yredelemnul
Zin
The Shining One

Shops:
D:4 }   D:7 %   D:11 *

Portals:
Trove: D:10 (give +2 gold dragon scales)

Annotations:
D:13 exclusions: basilisk and hydra, Snorg


Innate Abilities, Weirdness & Mutations

You can breathe blasts of fire.
Your fiery red scales are hard. (AC +8)
You cannot fit into any form of body armour.
Your flesh is heat resistant. (rF+)
You are cold-blooded and may be slowed by cold attacks.


Message History

As you read the scroll of fear, it crumbles to dust.
You assume a fearsome visage.
The swamp worm looks frightened! x2
The tyrant leech looks frightened!
The swamp worm looks frightened! x2
You enter the shallow water.
Moving in this stuff is going to be slow.
The swamp worm fires a harpoon shot at you.
The harpoon shot hits you.
* * * LOW HITPOINT WARNING * * *
You are yanked forward by the harpoon shot.
The swamp worm bites you.
* * * LOW HITPOINT WARNING * * *
You can no longer pass through a line of other dancers.
The swamp worm fires a harpoon shot at you.
The harpoon shot misses you. Why would you want to do that?
As you read the scroll of teleportation, it crumbles to dust.
You feel strangely unstable.
The swamp worm fires a harpoon shot at you.
The harpoon shot hits you!
You die...

..P# ..# ##.. ♣ ..##
#.#.. ♣♣≈♣♣ ♣..#
...#..
♣§§§§♣♣§####P.....
♣≈≈§§ww.P##.(...#
♣♣≈w§♣♣w.##....P## ..
♣♣♣§ ♣..#.....≈.##...
♣♣♣♣#..@≈≈≈≈≈≈.≈#.[..
##..###.≈≈≈≈≈≈≈≈≈.....
#...###.≈≈≈≈≈≈≈≈≈.#.#
#...##..≈≈≈.≈.≈≈≈≈≈##
##..##..≈≈≈.<.≈≈≈≈≈P#
#P..P#..≈≈≈...≈≈≈..#
##...##..≈≈≈≈≈≈≈≈≈.##
#....##..≈≈≈≈≈≈≈≈≈.#
##...P##..≈≈≈≈≈≈...#


You could see a tyrant leech and 2 swamp worms.

Vanquished Creatures
  A hydra (D:11)
  Erica (D:10)
  A centaur warrior (D:12)
  Urug (D:11)
  Sonja (D:13)
  An unseen horror (D:11)
  2 deep elf magi
  A cyclops (D:12)
  An ugly thing (D:11)
  Maurice (D:8)
  A black mamba (Lair:2)
  3 centaur zombies
  A gargoyle (D:10)
  A spiny frog (Lair:1)
  5 trolls
  3 slime creatures (D:12)
  A hornet (D:12)
  A tyrant leech (Lair:2)
  3 hippogriffs
  Prince Ribbit (D:6)
  Sigmund (D:3)
  2 wraiths
  A spriggan (D:9)
  2 wyverns
  A basilisk (D:11)
  11 yaks
  A hungry ghost (D:11)
  Grum (Lair:1)
  An acid dragon (D:13)
  2 water moccasins (Lair:2)
  2 porcupines
  3 orc warriors
  3 sky beasts
  An eye of draining (D:9)
  3 ice beasts
  5 black bears
  3 ogres
  5 phantoms
  3 wolves (Lair:1)
  24 centaurs
  3 crocodiles
  3 big kobolds
  A wyvern zombie (D:12)
  10 bullfrogs
  A wyvern skeleton (D:8)
  3 scorpions
  8 killer bees
  4 howler monkeys
  7 crimson imps
  9 hounds
  3 jellies
  7 orc priests
  12 orc wizards
  Crazy Yiuf (D:3)
  3 bullfrog zombies
  6 bullfrog skeletons
  A centaur skeleton (D:12)
  5 iguanas
  8 worker ants
  3 hound zombies
  2 hound skeletons
  2 worker ant zombies (D:3)
  2 howler monkey skeletons
  15 adders
  2 shadow imps (D:10)
  12 white imps (D:11)
  4 adder zombies
  4 worms
  4 dart slugs
  11 leopard geckos
  45 orcs
  10 bats
  10 giant cockroaches
  12 goblins
  5 hobgoblins
  16 jackals
  8 quokkas
  A ball python (D:6)
  5 frilled lizards
  15 kobolds
  A leopard gecko skeleton (D:3)
  A leopard gecko zombie (D:3)
  3 quokka skeletons
  A quokka zombie (D:7)
  5 rats
400 creatures vanquished.

Notes
Turn   | Place    | Note
-------+----------+-------------------------------------------
     0 | D:1      | kae the Draconian Transmuter began the quest for the Orb.
     0 | D:1      | Reached XP level 1. HP: 16/16 MP: 3/3
   198 | D:1      | Reached XP level 2. HP: 23/23 MP: 3/5
   844 | D:1      | Reached XP level 3. HP: 23/28 MP: 4/6
  1492 | D:2      | Learned a level 2 spell: Sticks to Snakes
  1496 | D:2      | Learned a level 3 spell: Spider Form
  1567 | D:2      | Found a faded altar of an unknown god.
  1574 | D:2      | Reached skill level 4 in Unarmed Combat
  2048 | D:2      | Reached XP level 4. HP: 17/35 MP: 3/7
  2763 | D:2      | Reached XP level 5. HP: 29/40 MP: 4/9
  3214 | D:3      | Reached skill level 5 in Unarmed Combat
  3498 | D:3      | Found a runed translucent door.
  3499 | D:3      | Noticed Crazy Yiuf
  3903 | D:3      | Learned a level 4 spell: Ice Form
  3920 | D:3      | Reached XP level 6. HP: 32/47 MP: 10/10
  4108 | D:3      | Noticed Sigmund
  4118 | D:3      | Killed Sigmund
  4118 | D:3      | Reached skill level 6 in Unarmed Combat
  4157 | D:3      | Your scales start taking on a fiery red colour.
  4157 | D:3      | Reached XP level 7. HP: 41/52 MP: 8/12
  4157 | D:3      | Gained mutation: Your flesh is heat resistant. (rF+) [Red
                  | Draconian growth]
  4820 | D:3      | Killed Crazy Yiuf
  4916 | D:4      | Found Irriusil's Gadget Shop.
  4938 | D:4      | Found a sacrificial altar of Ru.
  4974 | D:4      | Found a blossoming altar of Fedhas.
  4974 | D:4      | Found a sparkling altar of Nemelex Xobeh.
  4987 | D:4      | Found an opulent altar of Gozag.
  5786 | D:4      | Reached skill level 7 in Unarmed Combat
  6432 | D:5      | Entered Level 5 of the Dungeon
  6489 | D:5      | Reached skill level 5 in Transmutations
  6489 | D:5      | Reached XP level 8. HP: 59/59 MP: 11/15
  6521 | D:5      | Found a bloodstained altar of Trog.
  6664 | D:5      | Reached skill level 5 in Spellcasting
  6696 | D:5      | Reached skill level 8 in Unarmed Combat
  7119 | D:6      | Found a glowing golden altar of the Shining One.
  7676 | D:6      | Noticed Prince Ribbit
  7688 | D:6      | Reached XP level 9. HP: 56/64 MP: 14/17
  7700 | D:6      | Killed Prince Ribbit
  7700 | D:6      | Reached skill level 9 in Unarmed Combat
  7805 | D:6      | Learned a level 5 spell: Blade Hands
  8343 | D:7      | Found a staircase to the Ecumenical Temple.
  8362 | Temple   | Entered the Ecumenical Temple
  8461 | Temple   | Became a worshipper of Uskayaw the Reveler
  8543 | D:7      | Found Vusan's Food Shop.
  8551 | D:7      | Reached * piety under Uskayaw
  9186 | D:8      | Reached ** piety under Uskayaw
  9228 | D:8      | Reached *** piety under Uskayaw
  9445 | D:8      | Noticed Maurice
  9467 | D:8      | Killed Maurice
  9467 | D:8      | Reached skill level 10 in Unarmed Combat
  9467 | D:8      | Reached **** piety under Uskayaw
  9485 | D:8      | Reached ***** piety under Uskayaw
  9499 | D:8      | Reached ****** piety under Uskayaw
  9937 | D:8      | Found a hazy altar of Hepliaklqana.
  9948 | D:8      | Reached XP level 10. HP: 56/71 MP: 20/20
 10234 | D:8      | Found a staircase to the Lair.
 10829 | D:9      | Reached skill level 11 in Unarmed Combat
 11631 | D:10     | Entered Level 10 of the Dungeon
 11995 | D:10     | Noticed a gargoyle
 11999 | D:10     | You fall into a shaft and drop 3 floors!
 12000 | D:13     | Noticed Sonja
 12008 | D:13     | Killed Sonja
 12008 | D:13     | Reached skill level 12 in Unarmed Combat
 12053 | D:12     | Noticed a cyclops
 12104 | D:13     | Reached XP level 11. HP: 50/77 MP: 10/23
 12509 | D:12     | Found a staircase to the Orcish Mines.
 13183 | D:11     | Found a frozen archway.
 13255 | D:11     | Noticed Urug
 13519 | D:11     | Killed Urug
 13535 | D:11     | Noticed a white ugly thing
 13583 | D:10     | Noticed Erica
 13597 | D:10     | Killed Erica
 13747 | D:10     | Found a portal to a secret trove of treasure.
 13846 | D:10     | Reached skill level 13 in Unarmed Combat
 14899 | D:11     | Found Oxenos's Pet Rocks.
 15262 | D:11     | Noticed a four-headed hydra
 15272 | D:11     | Killed a four-headed hydra
 15272 | D:11     | Reached skill level 10 in Transmutations
 15393 | D:11     | Killed an unseen horror
 15393 | D:11     | Reached XP level 12. HP: 44/83 MP: 14/25
 16529 | D:12     | Reached skill level 14 in Unarmed Combat
 16540 | D:12     | Noticed a centaur warrior
 16833 | D:12     | Killed a centaur warrior
 17711 | D:13     | Noticed an eight-headed hydra
 17789 | D:13     | Noticed Snorg
 18457 | Lair:1   | Entered Level 1 of the Lair of Beasts
 18609 | Lair:1   | Noticed Grum
 18620 | Lair:1   | Killed Grum
 18687 | Lair:1   | Reached skill level 10 in Spellcasting
 19951 | Lair:2   | Found a staircase to the Swamp.
 19971 | Lair:2   | Killed from afar by a swamp worm

Levels and vault maps discovered:
D:1:      psy_arrival_fountain, layout_loops_ring, serial_forest,
          infiniplex_forest_corner_1, infiniplex_forest_corner_1,
          infiniplex_forest_fountain, infiniplex_forest_clump_diagonal,
          infiniplex_forest_clump_long, infiniplex_forest_clump_large,
          infiniplex_forest_straight_3, infiniplex_forest_end_2
D:2:      minmay_chambers_of_ones, layout_basic, chequers_ecumenical_altar_lobes
D:3:      layout_loops_corners, serial_undead, serial_undead_b, serial_undead_b,
          serial_undead_e, serial_undead_e, first_ration, kennysheep_cross_room,
          uniq_sigmund, uniq_crazy_yiuf_cottage
D:4:      layout_layer_cave, gammafunk_temple_overflow_forgotten, serial_shops,
          nicolae_shop_window_shopping, nicolae_ru_great_annihilating_truth
D:5:      layout_rooms, nicolae_overflow_hidden_temple
D:6:      layout_basic, basic_altar, hangedman_glass_teeth, dk_noncrumbling_3,
          uniq_prince_ribbit1
D:7:      layout_rooms, minmay_temple_entry_trees, serial_shops,
          nicolae_shop_crystal
D:8:      layout_basic, lemuel_round_altar, grunt_lair_entry_orc_guard_hut,
          uniq_maurice
D:9:      layout_basic, grunt_pizzeria
D:10:     layout_rooms, trove_entry_hex_spiral, uniq_erica
D:11:     layout_loops_ring, portal_ice_cave_entry_imps, guppyfry_shop_earth,
          uniq_urug
D:12:     layout_loops_corners, orc_0_dummy
D:13:     layout_gridville, uniq_snorg, uniq_sonja
Temple:   minmay_crystal_spiral_temple
Lair:1:   layout_regular_city, eino_small_chamber_without_monster, uniq_grum
Lair:2:   layout_concentric_octagons, minmay_swamp_entry_worms, minivault_24,
          infiniplex_staircase_pool_2, lemuel_fruit_tree

Skill      XL: |  1  2  3  4  5  6  7  8  9 10 11 12 |
---------------+-------------------------------------+-----
Unarmed Combat | 4 5 6 7 8 10 12 13 14 | 14.7
Transmutations | 3 4 5 6 7 8 10 | 10.9
Spellcasting   | 3 4 5 6 8 9 10 | 10.1
Fighting       | |  1.1
Dodging        | |  1.7

Action                   |  1- 3 |  4- 6 |  7- 9 | 10-12 || total
-------------------------+-------+-------+-------+-------++-------
Melee: Unarmed           |   146 |   186 |   411 |   563 ||  1306
       Tailslap          |     9 |    20 |    32 |    78 ||   139
       Kick              |    15 |     9 |     3 |       ||    27
       Headbutt          |     3 |     8 |    12 |       ||    23
       Punch             |     1 |     2 |     4 |    25 ||    32
 Cast: Beastly Appendage |    19 |    19 |    18 |       ||    56
       Spider Form       |     1 |     6 |    22 |     6 ||    35
       Sticks to Snakes  |       |     2 |       |       ||     2
       Blade Hands       |       |       |       |    50 ||    50
       Ice Form          |       |       |       |     9 ||     9
 Abil: Breathe Fire      |       |       |     9 |     4 ||    13
       End Transformatio |       |       |       |     3 ||     3
Evoke: Wand              |       |       |       |     4 ||     4
  Use: Scroll            |     4 |     4 |    10 |    15 ||    33
       Potion            |       |     2 |     1 |     3 ||     6
 Stab: Invisible         |       |       |     2 |       ||     2
       Paralysed         |       |       |     3 |    26 ||    29
       Sleeping          |       |       |     2 |     3 ||     5
       Distracted        |       |       |       |     1 ||     1
  Eat: Chunk             |     3 |     9 |    24 |    53 ||    89
Armor: Skin              |    45 |    51 |    64 |   180 ||   340
Dodge: Dodged            |   103 |   152 |   295 |   353 ||   903

Table legend:
 A = Non-vault XP
 B = Vault XP
 C = Vault XP percentage of total XP
 D = Non-vault monster count
 E = Vault monster count
 F = Vault count percentage of total count
                 A         B        C        D         E       F
            +---------+---------+-------+---------+---------+-------
      Total |   26103 |    5677 |  17.9 |     350 |      47 |  11.8
            +---------+---------+-------+---------+---------+-------
        D:1 |      44 |       0 |   0.0 |      24 |       0 |   0.0
        D:2 |     148 |      13 |   8.1 |      27 |       5 |  15.6
        D:3 |     265 |     335 |  55.8 |      31 |       9 |  22.5
        D:4 |     498 |       7 |   1.4 |      16 |       4 |  20.0
        D:5 |     837 |       0 |   0.0 |      23 |       0 |   0.0
        D:6 |     798 |     264 |  24.9 |      22 |       1 |   4.3
        D:7 |     372 |       0 |   0.0 |      14 |       0 |   0.0
        D:8 |    1355 |    1137 |  45.6 |      28 |       6 |  17.6
        D:9 |    1914 |     215 |  10.1 |      28 |       1 |   3.4
       D:10 |    4306 |     950 |  18.1 |      37 |       1 |   2.6
       D:11 |    5164 |    1163 |  18.4 |      42 |      14 |  25.0
       D:12 |    6385 |       0 |   0.0 |      37 |       0 |   0.0
       D:13 |    2088 |     782 |  27.2 |      10 |       1 |   9.1
     Lair:1 |     855 |     525 |  38.0 |       5 |       4 |  44.4
     Lair:2 |    1074 |     286 |  21.0 |       6 |       1 |  14.3
            +---------+---------+-------+---------+---------+-------
